 Dungeon Crawl Stone Soup version 0.31-a0-564-g3b7de120b3 (webtiles) character file.

Game seed: 10101058831211929740

36799 dialectric the Impaler (level 13, -61/90 HPs)
             Began as a Gargoyle Fighter on Aug 17, 2023.
             Was an Elder of Trog.
             Annihilated by an enormous slime creature (66 damage)
             ... on level 12 of the Dungeon on Aug 18, 2023.
             The game lasted 00:26:30 (13882 turns).

dialectric the Impaler (Gargoyle Fighter)          Turns: 13882, Time: 00:26:30

Health: -61/90     AC: 31    Str: 21    XL:     13   Next: 92%
Magic:  4/4        EV: 17    Int: 17    God:    Trog [****..]
Gold:   1541       SH:  5    Dex: 11    Spells: 12/12 levels left

rFire   + . .        t - +9 trident of Tyemoqu {antimagic, Int+6}
rCold   . . .        (no shield)
rNeg    + . .        b - +0 acid dragon scales
rPois   ∞            L - +2 helmet
rElec   +            j - +2 cloak
rCorr   +            y - +1 pair of gloves
SInv    .            x - +2 pair of boots
Will    ++...        q - amulet of reflection
Stlth   +            w - +5 ring of evasion
HPRegen 1.35/turn    K - ring "Ipiggam" {rElec rF+ Slay+4}
MPRegen 0.09/turn

%: reflection
@: strong-willed, regenerating
A: sickness immunity, AC +9, negative energy resistance 1, electricity
resistance, torment resistance 1, petrification resistance, wild magic 1
a: Renounce Religion, Berserk, Trog's Hand, Brothers in Arms


You were on level 12 of the Dungeon.
You worshipped Trog.
Trog was greatly pleased with you.
You visited 2 branches of the dungeon, and saw 14 of its levels.
You also visited: Ice Cave.

You collected 1583 gold pieces.
You spent 42 gold pieces at shops.

Inventory:

Hand Weapons
 t - the +9 trident of Tyemoqu (weapon) {antimagic, Int+6}
   (You found it on level 3 of the Dungeon)

   Int+6:     It affects your intelligence (+6).
 u - a +3 demon trident of draining
 C - a +5 eveningstar
 E - the +10 spear "Raev Rax" {spect, rPois Str+5 Int-5}
   (You found it on level 6 of the Dungeon)

   Str+5:     It affects your strength (+5).
   Int-5:     It affects your intelligence (-5).
   rPois:     It protects you from poison
Missiles
 n - 25 poisoned darts (quivered)
 o - 2 throwing nets
Armour
 b - +0 acid dragon scales (worn)
 c - a +2 buckler
 j - a +2 cloak (worn)
 x - a +2 pair of boots (worn)
 y - a +1 pair of gloves (worn)
 H - a +0 kite shield of reflection
 L - a +2 helmet (worn)
 N - +0 steam dragon scales
Jewellery
 f - a +5 ring of evasion
 q - an amulet of reflection (around neck)
 w - a +5 ring of evasion (left hand)
 K - the ring "Ipiggam" (right hand) {rElec rF+ Slay+4}
   (You found it in an ice cave)

   [ring of slaying]

   Slay+4:    It affects your accuracy & damage with ranged weapons and melee
   (+4).
   rF+:       It protects you from fire.
   rElec:     It insulates you from electricity.
 O - an amulet of the acrobat
 P - the ring of Xyucsum {rF+ Str+3}
   (You found it in an ice cave)

   [ring of protection from fire]

   Str+3:     It affects your strength (+3).
   rF+:       It protects you from fire.
Talismans
 F - a serpent talisman
Wands
 B - a wand of iceblast (23)
 J - a wand of charming (19)
 M - a wand of quicksilver (11)
Scrolls
 a - a scroll of vulnerability
 e - a scroll of enchant armour
 i - 2 scrolls of fog
 p - a scroll of teleportation
 s - a scroll of identify
 A - a scroll of silence
 G - 2 scrolls of poison
Potions
 d - 3 potions of might
 g - 3 potions of curing {unknown}
 k - a potion of mutation
 l - a potion of ambrosia
 m - a potion of lignification {unknown}
 r - a potion of cancellation
 v - 2 potions of berserk rage
 z - 2 potions of brilliance
 D - 4 potions of enlightenment {unknown}
Miscellaneous
 h - a phial of floods


   Skills:
 + Level 14.2 Fighting
 - Level 3.7 Maces & Flails
 - Level 15.1 Polearms
 * Level 10.1 Armour
 - Level 3.0 Dodging
 + Level 6.3 Shields


You had 12 spell levels left.
You didn't know any spells.
Your spell library contained the following spells:

 Spells                   Type           Power      Damage    Failure   Level
 Anguish                  Hex/Necr       0%         N/A       98%         4
 Cause Fear               Hex            0%         N/A       98%         4
 Enfeeble                 Hex            0%         N/A       100%        7


Dungeon Overview and Level Annotations

Branches:
Dungeon (12/15)            Temple (0/1) D:6            Lair (0/5) D:10
    Orc (2/2) D:10          IceCv (visited)
    Elf: Orc:2

Altars:
Ashenzari
Cheibriados
Fedhas
Gozag
Hepliaklqana
Makhleb
Qazlal
Sif Muna
Trog
Vehumet
Wu Jian
Zin

Shops:
D:2 (   D:3 *?([   D:7 =   D:9 *

Portals:
Abyss: D:8

Annotations:
D:7 2 transporters
D:8 2 transporters
D:9 Maurice
Orc:2 horus123's ghost, journeyman DECj


Innate Abilities, Weirdness & Mutations

You are immune to sickness and miasma.
Your stone body is resilient. (AC +9)
You are immune to poison.
You resist negative energy. (rN+)
You are resistant to electric shocks. (rElec)
You are resistant to unholy torment.
You are immune to petrification.
Your spells are a little harder to cast, but a little more powerful.


Message History

You impale the very large slime creature!!
The very large slime creature is moderately wounded.
The howler monkey misses you. The slime creature closely misses you.
You block the very large slime creature's attack.
You impale the very large slime creature!!
The very large slime creature is heavily wounded.
You hit the very large slime creature.
The very large slime creature is heavily wounded.
The howler monkey closely misses you.
You block the very large slime creature's attack.
The slime creature closely misses you.
You puncture the very large slime creature!
The very large slime creature is heavily wounded.
The howler monkey hits you.
You puncture the very large slime creature!
The very large slime creature is severely wounded.
The very large slime creature hits you!!!
The slime creature hits you but does no damage.
You are too injured to fight recklessly!
You are too injured to fight recklessly!
You are too injured to fight recklessly!
You are too injured to fight recklessly!
You are too injured to fight recklessly!
You are too injured to fight recklessly!
You are too injured to fight recklessly!
You are too injured to fight recklessly!
Unknown command.
The very large slime creature attacks as you move away!
The very large slime creature hits you but does no damage.
Two slime creatures merge to form an enormous slime creature.
There is an open door here.
You see here a +0 pair of boots.
Your skin crawls.
You feel strong-willed. The enormous slime creature hits you!!
* * * LOW HITPOINT WARNING * * *
The enormous slime creature attacks as you move away!
The enormous slime creature hits you!!!
Ouch! That really hurt!
You die...

*****,,,,,.....*#.....,,*
,,,**,,,,,.....##....,,,*
**,***+**,..........,,,,*
**,,,*,**,.........,,,,,*
,,,,,*,**,.......h#+*****
,,,,,*,**,......cV#+##
***,,*,***########...#
*,,*,* #######V..#
*,,*,#####...[@J...#
*,,*,#......####...#
***,,*,#......# #...#
,,...*,#......####...#
,,....,#........##...#
*##..#,#........######
,,....,#>.......#
**#..###........#
#..##.........#


You could see an enormous slime creature and a vampire.

Vanquished Creatures
  Donald (Orc:2)
  An azure jelly (IceCv)
  2 orc warlords
  A quicksilver ooze (IceCv)
  Josephine (Orc:1)
  6 two-headed ogres
  An orc high priest (Orc:1)
  Urug (D:10)
  Nergalle (D:10)
  2 orc knights (Orc:1)
  A deep elf pyromancer (D:12)
  3 orc sorcerers
  5 cyclopes
  An ugly thing (D:11)
  2 ice statues (IceCv)
  A gargoyle (D:10)
  4 kobold demonologists
  2 unseen horrors
  3 trolls
  A hornet (D:10)
  3 shadows
  A vampire (D:10)
  4 wyverns
  11 slime creatures
  Grum (D:10)
  10 yaks
  6 wraiths
  2 steam dragons
  A vampire mosquito (D:10)
  3 wargs
  3 water moccasins
  3 acid dragons (D:10)
  An ice beast (D:6)
  3 great orb of eyes simulacra (IceCv)
  A floating eye (D:10)
  3 black bears
  27 orc warriors
  A sky beast (D:8)
  7 ogres
  4 wolves (D:10)
  15 centaurs
  A phantom (D:6)
  5 slime creature simulacra (IceCv)
  4 kobold brigands
  3 bullfrogs
  A gnoll sergeant (D:8)
  A glowing shapeshifter simulacrum (IceCv)
  A scorpion (D:6)
  11 wights
  8 killer bees
  An electric eel (D:10)
  3 howler monkeys
  14 orc priests
  3 hounds
  2 sleepcaps
  4 iguanas
  30 orc wizards
  3 shapeshifter simulacra (IceCv)
  10 gnolls
  12 adders
  2 ufetubi
  3 worms
  3 dart slugs
  74 orcs
  2 endoplasms (D:4)
  6 giant cockroaches
  8 goblins
  9 hobgoblins
  4 jackals (D:1)
  2 quokkas
  9 ball pythons
  7 bats
  2 frilled lizards
  17 kobolds
  6 rats
421 creatures vanquished.

Vanquished Creatures (collateral kills)
  A quicksilver ooze (IceCv)
  6 slime creatures (IceCv)
7 creatures vanquished.

Vanquished Creatures (others)
  An orc wizard (D:7)
1 creature vanquished.

Grand Total: 429 creatures vanquished

Notes
Turn   | Place    | Note
-------+----------+-------------------------------------------
     0 | D:1      | dialectric the Gargoyle Fighter began the quest for the
                  | Orb.
     0 | D:1      | Reached XP level 1. HP: 14/14 MP: 1/1
    67 | D:1      | Reached XP level 2. HP: 14/19 MP: 2/2
   660 | D:2      | Reached XP level 3. HP: 22/23 MP: 3/3
   937 | D:2      | Reached XP level 4. HP: 29/29 MP: 4/4
  1119 | D:2      | Found Beppah's Weapon Emporium.
  1376 | D:3      | Found Bogicos's Magic Scroll Shop.
  1379 | D:3      | Bought a scroll of teleportation for 42 gold pieces
  1446 | D:3      | Found a glowing silver altar of Zin.
  1547 | D:3      | Found Tiwoicvu's Assorted Antiques.
  1754 | D:3      | Found Suxahyov's Armour Boutique.
  1819 | D:3      | Reached XP level 5. HP: 30/33 MP: 5/5
  2005 | D:3      | Identified the +9 trident of Tyemoqu {antimagic, Int+6}
  2090 | D:3      | Found Opsiq's Antique Weapon Emporium.
  2120 | D:3      | Found a shimmering blue altar of Sif Muna.
  2343 | D:3      | Reached skill level 1 in Dodging
  2673 | D:4      | Found a blossoming altar of Fedhas.
  2723 | D:4      | Reached skill level 1 in Polearms
  2723 | D:4      | Reached XP level 6. HP: 38/38 MP: 2/6
  2801 | D:4      | Found a snail-covered altar of Cheibriados.
  2907 | D:4      | Reached skill level 2 in Polearms
  3350 | D:4      | Reached skill level 3 in Polearms
  3632 | D:5      | Entered Level 5 of the Dungeon
  3651 | D:5      | Found a broken altar of Ashenzari.
  3673 | D:5      | Reached XP level 7. HP: 44/44 MP: 2/7
  3812 | D:5      | Reached skill level 5 in Armour
  3817 | D:5      | Noticed a steam dragon
  3823 | D:5      | Killed a steam dragon
  3824 | D:5      | Reached skill level 4 in Polearms
  4148 | D:5      | Reached skill level 5 in Polearms
  4148 | D:5      | Reached XP level 8. HP: 41/48 MP: 2/8
  4459 | D:6      | Reached skill level 5 in Fighting
  4459 | D:6      | Reached skill level 6 in Polearms
  4499 | D:6      | Reached skill level 7 in Polearms
  4522 | D:6      | Found an ornate altar of the Wu Jian Council.
  4569 | D:6      | Found a bloodstained altar of Trog.
  4590 | D:6      | Became a worshipper of Trog the Wrathful
  4746 | D:6      | Reached XP level 9. HP: 54/54 MP: 3/9
  4807 | D:6      | Found a staircase to the Ecumenical Temple.
  4900 | D:6      | Identified the +10 spear "Raev Rax" {spect, rPois Str+5
                  | Int-5}
  5019 | D:6      | Found a radiant altar of Vehumet.
  5395 | D:7      | Reached skill level 8 in Polearms
  5612 | D:7      | Reached * piety under Trog
  5703 | D:7      | Found a transporter.
  5705 | D:7      | Found Pelaheir's Jewellery Boutique.
  5719 | D:7      | Found a burning altar of Makhleb.
  5793 | D:7      | Found a transporter.
  5921 | D:8      | Found a transporter.
  5925 | D:8      | Reached skill level 9 in Polearms
  6555 | D:8      | Found a transporter.
  6557 | D:8      | Found a one-way gate to the infinite horrors of the Abyss.
  7000 | D:9      | Noticed a troll
  7009 | D:9      | Killed a troll
  7010 | D:9      | Reached skill level 10 in Polearms
  7010 | D:9      | Reached XP level 10. HP: 44/61 MP: 3/10
  7040 | D:9      | Found Soahu's Assorted Antiques.
  7207 | D:9      | Reached ** piety under Trog
  7376 | D:9      | Found an opulent altar of Gozag.
  7546 | D:9      | Noticed Maurice
  7632 | D:10     | Entered Level 10 of the Dungeon
  7679 | D:10     | Noticed a two-headed ogre
  7689 | D:10     | Killed a two-headed ogre
  7690 | D:10     | Reached skill level 11 in Polearms
  7978 | D:10     | Found a staircase to the Orcish Mines.
  8091 | D:10     | Noticed Urug
  8113 | D:10     | Killed Urug
  8114 | D:10     | Reached skill level 12 in Polearms
  8327 | D:10     | Reached XP level 11. HP: 67/67 MP: 3/11
  8343 | D:10     | Gained mutation: Your spells are a little harder to cast,
                  | but a little more powerful. [potion of mutation]
  8352 | D:10     | Noticed Grum
  8373 | D:10     | Killed Grum
  8399 | D:10     | Noticed Nergalle
  8401 | D:10     | Noticed a spectral orc warlord
  8413 | D:10     | Killed Nergalle
  8464 | D:10     | Found a runed translucent door.
  8494 | D:10     | Reached *** piety under Trog
  8546 | D:10     | Found a staircase to the Lair.
  8687 | D:10     | Noticed a soul eater
  8817 | D:10     | Reached skill level 13 in Polearms
  8901 | D:10     | Paralysed by a floating eye for 4 turns
  9039 | D:10     | Noticed a two-headed ogre
  9045 | D:10     | Killed a two-headed ogre
  9229 | D:10     | Found a stormy altar of Qazlal.
  9504 | D:11     | Noticed a two-headed ogre
  9514 | D:11     | Killed a two-headed ogre
  9515 | D:11     | Reached skill level 14 in Polearms
  9672 | D:11     | Noticed a cyclops
  9793 | Orc:1    | Entered Level 1 of the Orcish Mines
  9809 | Orc:1    | Reached **** piety under Trog
  9869 | Orc:1    | Noticed a cyclops
  9876 | Orc:1    | Reached XP level 12. HP: 75/75 MP: 4/12
  9916 | Orc:1    | Noticed Josephine
  9989 | Orc:1    | Noticed an orc high priest
 10002 | Orc:1    | Killed an orc high priest
 10049 | Orc:1    | Killed Josephine
 10247 | Orc:2    | Entered Level 2 of the Orcish Mines
 10275 | Orc:2    | Noticed Donald
 10305 | Orc:2    | Killed Donald
 10306 | Orc:2    | Reached skill level 10 in Fighting
 10504 | Orc:2    | Noticed a two-headed ogre
 10518 | Orc:2    | Killed a two-headed ogre
 10629 | Orc:2    | Noticed horus123's ghost (journeyman DECj)
 10680 | Orc:2    | Noticed an orc warlord
 10710 | Orc:2    | Paralysed by an orc sorcerer for 3 turns
 10751 | Orc:2    | Paralysed by an orc sorcerer for 3 turns
 10754 | Orc:2    | Noticed a sun demon
 10761 | Orc:1    | Reached skill level 15 in Polearms
 10904 | Orc:1    | Killed an orc warlord
 11195 | Orc:2    | Reached ***** piety under Trog
 11276 | Orc:1    | HP: 6/120 [orc warrior/+0 short sword[an orc knight] (9)]
 11558 | Orc:2    | Noticed an orc warlord
 11571 | Orc:2    | Killed an orc warlord
 11572 | Orc:2    | Reached XP level 13. HP: 86/86 MP: 4/13
 12143 | D:11     | Received a gift from Trog
 12401 | D:11     | Found a hazy altar of Hepliaklqana.
 12718 | D:12     | Found a frozen archway.
 12773 | IceCv    | Entered an ice cave
 13144 | IceCv    | Reached skill level 5 in Shields
 13156 | IceCv    | Noticed a quicksilver ooze
 13162 | IceCv    | Killed a quicksilver ooze
 13188 | IceCv    | Noticed a quicksilver ooze
 13201 | IceCv    | Killed a quicksilver ooze
 13202 | IceCv    | Reached skill level 10 in Armour
 13392 | IceCv    | Found a viscous altar of Jiyva.
 13392 | IceCv    | Noticed an azure jelly
 13407 | IceCv    | HP: 1/90 [azure jelly (39)]
 13412 | IceCv    | Killed an azure jelly
 13598 | IceCv    | Identified the ring "Ipiggam" {rElec rF+ Slay+4}
 13600 | IceCv    | Identified the ring of Xyucsum {rF+ Str+3}
 13882 | D:12     | Annihilated by an enormous slime creature

Illustrated notes

Levels and vault maps discovered:
D:1:      minmay_arrival_loop, layout_basic
D:2:      layout_loops_cross, serial_shops, shop,
          corexii_item_surrounded_by_moat, chequers_decorated_corner
D:3:      minmay_thinvault, layout_loops_ring, nicolae_overflow_hidden_temple,
          mainiacjoe_overflow_small_starburst, serial_shops, shop,
          nicolae_shop_just_a_little_nook, shop, nicolae_shop_trees
D:4:      layout_gridville, mainiacjoe_overflow_catch_the_wave,
          chequers_arboretum
D:5:      layout_basic, lemuel_doored_altar
D:6:      layout_basic, trog_three_pillars_becter, old_standard_altar,
          mainiacjoe_overflow_surrounded_room, minmay_temple_entry_proselytizer
D:7:      wander_river, layout_rooms, kennysheep_mini_moat, serial_shops,
          nicolae_shop_drivethru
D:8:      layout_basic, gammafunk_ghost_abyssal_escape
D:9:      layout_long_grid, mainiacjoe_overflow_concentric_impassable,
          serial_shops, nicolae_shop_just_a_little_nook, uniq_maurice
D:10:     layout_long_grid, nicolae_qazlal_eye_of_the_storm, lair_entry_dummy,
          erik_orc_2, minmay_st_funbox, onia_ninara_cookie, uniq_grum,
          uniq_urug, uniq_nergalle
D:11:     layout_small_grid, worldfamousw_hep_ancestral_shrine
D:12:     layout_basic, portal_ice_cave_entry_pillars_2
Orc:1:    layout_caves, uniq_josephine
Orc:2:    kennysheep_orc_mage_school, layout_caves, gammafunk_ghost_split,
          nicolae_orc_sculptors_studio, minmay_orc_treasury, uniq_donald,
          uniq_azrael

Skill      XL: |  1  2  3  4  5  6  7  8  9 10 11 12 13 |
---------------+----------------------------------------+-----
Maces & Flails | 3 |  3.7
Armour         | 4 5 6 7 8 10 | 10.1
Fighting       | 4 5 6 7 8 12 14 | 14.2
Dodging        | 1 2 3 |  3.0
Polearms       | 1 3 5 7 10 12 14 15 | 15.1
Shields        | 6 |  6.3

Action                     |  1- 3 |  4- 6 |  7- 9 | 10-12 | 13-15 || total
---------------------------+-------+-------+-------+-------+-------++-------
  Melee: Flail             |    95 |   137 |       |       |       ||   232
         Punch             |     1 |     4 |       |    13 |    11 ||    29
         Trident           |       |    94 |   166 |   774 |   394 ||  1428
         Spear             |       |       |    55 |       |       ||    55
  Throw: Dart              |       |       |     4 |     1 |     7 ||    12
 Invoke: Berserk           |       |       |       |     8 |     5 ||    13
         Brothers in Arms  |       |       |       |       |     2 ||     2
         Trog's Hand       |       |       |       |       |     1 ||     1
  Evoke: Wand              |       |       |       |       |     1 ||     1
    Use: Scroll            |       |     1 |     5 |    11 |     2 ||    19
         Potion            |       |       |       |     2 |     1 ||     3
 Armour: Scale mail        |    70 |   129 |       |       |       ||   199
         Chain mail        |       |    23 |   106 |       |       ||   129
         Steam dragon scal |       |       |     3 |    89 |       ||    92
         Acid dragon scale |       |       |       |   109 |   141 ||   250
  Dodge: Dodged            |    58 |   162 |   101 |   392 |   367 ||  1080
  Block: Other             |       |    15 |    37 |   131 |    82 ||   265
         Reflection        |       |       |     5 |    10 |     7 ||    22

Table legend: (Time is in decaauts)
 A = Elapsed time spent in this place.
 B = Non-inter-level travel time spent in this place.
 C = Inter-level travel time spent in this place.
 D = Time resting spent in this place.
 E = Time spent auto-exploring this place.
 F = Levels seen in this place.
 G = Mean time per level.
                   A        B        C        D        E       F      G
               +--------+--------+--------+--------+--------+-----+--------+
         Total |  13628 |  13013 |    615 |    910 |   8292 |  15 |  908.5 |
       Dungeon |  10976 |  10393 |    583 |    582 |   7167 |  12 |  914.7 |
  Orcish Mines |   1756 |   1724 |     32 |    119 |    904 |   2 |  878.0 |
      Ice Cave |    895 |    895 |      0 |    209 |    220 |   1 |  895.0 |
               +--------+--------+--------+--------+--------+-----+--------+

Top non-repeatable levels by time:
    D:10: 2123 daAuts
     D:3: 1327 daAuts
     D:6: 988 daAuts
   Orc:1: 986 daAuts
     D:4: 972 daAuts
   IceCv: 895 daAuts
    D:11: 886 daAuts
     D:8: 863 daAuts
     D:2: 807 daAuts
   Orc:2: 770 daAuts
     D:5: 763 daAuts
     D:7: 708 daAuts
     D:9: 644 daAuts
     D:1: 603 daAuts
    D:12: 286 daAuts
